[Event "Team 45 45 League T46"]
[Site "Internet Chess Club"]
[Date "2010.08.07"]
[Round "1"]
[White "Nakke"]
[Black "dagger132"]
[Result "1-0"]
[WhiteElo "1780"]
[BlackElo "1222"]
[Opening "Scandinavian (center counter) defense"]
[ECO "B01"]
[Time "11:58:23"]
[TimeControl "2700+45"]

1. e4 d5 2. exd5 Qxd5 3. Nc3 Qa5 4. d4 Nf6 5. Bd2 c6 6. Bc4 Bf5 7. Nd5 Qd8 8.
Nxf6+ gxf6 9. Nf3 Bg7 10. Nh4 Bg6 11. c3 b5 12. Bb3 a5 13. Nxg6 fxg6 14. a4 Qd6
15. axb5 cxb5 16. Qf3 Nc6 17. O-O Ra6 18. Rfe1 a4 19. Bf4 e5 20. dxe5 Nxe5 21.
Bxe5 fxe5 22. Qf7+ Kd8 23. Qxg7 Re8 24. Red1 {Black resigns} 1-0

[Event "Team 45 45 League T46"]
[Site "Internet Chess Club"]
[Date "2010.08.08"]
[Round "1"]
[White "BotanicalKnight"]
[Black "MateIn42"]
[Result "1-0"]
[WhiteElo "1584"]
[BlackElo "1438"]
[Opening "Scandinavian (center counter) defense"]
[ECO "B01"]
[Time "21:30:16"]
[TimeControl "2700+45"]

1. e4 d5 2. e5 c5 3. g3 Nc6 4. f4 a6 5. d3 f6 6. exf6 Nxf6 7. Bg2 Bg4 8. Nf3 e5
9. fxe5 Nxe5 10. O-O Bd6 11. Qe1 Bxf3 12. Bxf3 O-O 13. Bg5 Nxf3+ 14. Rxf3 Re8
15. Qf1 Be5 16. Nc3 c4 17. Kh1 Qb6 18. Bxf6 Bxf6 19. Nxd5 Qd4 20. Nc7 Qxb2 21.
Nxe8 Rxe8 22. Re1 Rxe1 23. Qxe1 Kf7 24. Qe2 Qxa2 25. dxc4 a5 26. Rb3 Qa1+ 27.
Kg2 a4 28. Rxb7+ Kg6 29. Qe4+ Kh6 30. Qf4+ Bg5 31. Rb6+ g6 32. Qf8+ Kh5 33. g4+
Kxg4 34. Qf3+ Kh4 35. Qh3# {Black checkmated} 1-0

[Event "Team 45 45 League T46"]
[Site "Internet Chess Club"]
[Date "2010.08.06"]
[Round "1"]
[White "UsuallySleepy"]
[Black "Rapidcitychess"]
[Result "1-0"]
[WhiteElo "1817"]
[BlackElo "1532"]
[Opening "Alekhine's defense: exchange variation"]
[ECO "B03"]
[Time "19:00:30"]
[TimeControl "2700+45"]

1. e4 Nf6 2. e5 Nd5 3. d4 d6 4. c4 Nb6 5. exd6 cxd6 6. Nc3 g6 7. Be3 Bg7 8. Rc1
Nc6 9. b3 O-O 10. Nf3 Bg4 11. Be2 Rc8 12. O-O Qc7 13. Qd2 Rfd8 14. h3 Bxf3 15.
Bxf3 e5 16. Nb5 Qb8 17. d5 Ne7 18. Bxb6 axb6 19. Qe3 Qa8 20. Qxb6 Qa6 21. Qxa6
bxa6 22. Na7 Rc7 23. Nc6 Nxc6 24. dxc6 f5 25. Bd5+ Kf8 26. Rfd1 Ke7 27. b4 Rb8
28. Rb1 Rb6 29. a4 Bf8 30. a5 Rbxc6 31. Bxc6 Rxc6 32. b5 Rc5 33. b6 Rc8 34. b7
Rb8 35. Rb6 Kd7 36. c5 {Black resigns} 1-0

[Event "Team 45 45 League T46"]
[Site "Internet Chess Club"]
[Date "2010.08.06"]
[Round "1"]
[White "XxATNxX"]
[Black "sdcohle"]
[Result "0-1"]
[WhiteElo "1329"]
[BlackElo "1366"]
[Opening "Queen's pawn game"]
[ECO "D04"]
[Time "22:01:21"]
[TimeControl "2700+45"]

1. d4 d5 2. e3 Nf6 3. Nf3 Nc6 4. Bd2 e6 5. Bb5 Bd7 6. Nc3 a6 7. Bxc6 Bxc6 8. Ne5
Qd6 9. Qe2 Be7 10. a3 O-O 11. Nxc6 Qxc6 12. O-O Bd6 13. b3 e5 14. Na4 Rfe8 15.
Rfc1 exd4 16. Qd3 dxe3 17. Bxe3 Ng4 18. Bg5 Bxh2+ 19. Kf1 Bd6 20. Nc3 h6 21. Bh4
Be5 22. Nxd5 Bxa1 23. Qf5 Nf6 24. Ne3 Bb2 25. Rd1 Bxa3 26. Bxf6 Qxf6 27. Qh3 Bc5
28. Ng4 Qe6 29. Qh5 Bd6 {White resigns} 0-1

[Event "Team 45 45 League T46"]
[Site "Internet Chess Club"]
[Date "2010.08.07"]
[Round "1"]
[White "dabodhi"]
[Black "Aquaman"]
[Result "0-1"]
[WhiteElo "1235"]
[BlackElo "1307"]
[Opening "Colle system"]
[ECO "D05"]
[Time "16:00:13"]
[TimeControl "2700+45"]

1. d4 Nf6 2. Nf3 e6 3. e3 d5 4. Bd3 c5 5. c3 Nc6 6. Nbd2 Bd6 7. e4 dxe4 8. Nxe4
Be7 9. O-O cxd4 10. c4 O-O 11. a3 h6 12. Re1 Nd7 13. Bf4 e5 14. Bg3 f5 15. Ned2
f4 16. Qc2 fxg3 17. Bh7+ Kh8 18. hxg3 Nf6 19. Bg6 Qc7 20. Ne4 Be6 21. Qd2 Nxe4
22. Rxe4 Bf5 23. Ree1 Bxg6 24. g4 Rad8 25. g5 hxg5 26. Nxg5 Bxg5 27. Qxg5 Rf6
28. f3 d3 29. Kf2 e4 30. Rh1+ Bh7 31. Rxh7+ Kxh7 32. Rh1+ Rh6 33. Qf5+ g6 34.
Qg5 Rxh1 {White resigns} 0-1

[Event "Team 45 45 League T46"]
[Site "Internet Chess Club"]
[Date "2010.08.07"]
[Round "1"]
[White "ticopatzer"]
[Black "Whalen"]
[Result "0-1"]
[WhiteElo "1565"]
[BlackElo "1526"]
[Opening "French: King's Indian attack"]
[ECO "C00"]
[Time "11:00:26"]
[TimeControl "2700+45"]

1. e4 e6 2. d3 d5 3. Nd2 Nc6 4. Ngf3 Bc5 5. g3 Nf6 6. Bg2 dxe4 7. dxe4 e5 8. O-O
O-O 9. Qe2 Qe7 10. Rd1 Be6 11. c3 a5 12. Qb5 Bb6 13. Nxe5 Nxe5 14. Qxe5 Ng4 15.
Qf4 Nxf2 16. Kf1 Nxd1 17. Qf3 Ne3+ 18. Ke1 Bg4 {White resigns} 0-1

[Event "Team 45 45 League T46"]
[Site "Internet Chess Club"]
[Date "2010.08.10"]
[Round "1"]
[White "stputte"]
[Black "IanT"]
[Result "1-0"]
[WhiteElo "1446"]
[BlackElo "1382"]
[Opening "King's gambit"]
[ECO "C30"]
[Time "03:31:23"]
[TimeControl "2700+45"]

1. e4 e5 2. f4 d6 3. Nf3 Bg4 4. Bc4 Nc6 5. O-O Nf6 6. h3 Bxf3 7. Qxf3 Qd7 8. d3
Be7 9. Nc3 Nd4 10. Qf2 Ne6 11. Nd5 Nxd5 12. Bxd5 c6 13. Bb3 O-O 14. f5 Nc5 15.
Qg3 Bf6 16. Bh6 Kh8 17. Bg5 Qe7 18. Bxf6 Qxf6 19. Qf3 Nxb3 20. axb3 Rfd8 21. g4
h6 22. Qg3 d5 23. h4 g5 24. fxg6 Qxg6 25. Qxe5+ Kh7 26. Qf4 Rg8 27. Qxf7+ Qxf7
28. Rxf7+ Kh8 29. Rf4 Rg6 30. Kh2 dxe4 31. Rxe4 a6 32. Rae1 Rag8 33. Kg3 h5 34.
g5 R8g7 35. Re7 b5 36. Rxg7 Rxg7 37. Re6 Rc7 38. Kf4 Kg7 39. Kf5 a5 40. Rf6 a4
41. bxa4 bxa4 42. g6 Rb7 43. Rf7+ Rxf7+ 44. gxf7 Kxf7 45. Kg5 Ke6 46. Kxh5 Kf5
47. Kh6 Kf6 48. h5 Kf7 49. Kg5 Kg7 50. d4 Kh7 51. Kf5 Kh6 52. Ke6 Kxh5 53. Kd6
Kg4 54. Kxc6 Kf5 55. d5 Ke5 56. d6 Ke6 57. d7 Ke7 58. Kc7 {Black resigns} 1-0

[Event "Team 45 45 League T46"]
[Site "Internet Chess Club"]
[Date "2010.08.06"]
[Round "1"]
[White "PsyMar"]
[Black "GiulioCre"]
[Result "0-1"]
[WhiteElo "1232"]
[BlackElo "1392"]
[Opening "Polish (Sokolsky) opening"]
[ECO "A00"]
[Time "10:00:29"]
[TimeControl "2700+45"]

1. b4 d6 2. Bb2 e5 3. e3 Nf6 4. d3 Nbd7 5. Be2 Be7 6. f4 exf4 7. exf4 O-O 8. Nh3
Nb6 9. Nf2 Nfd5 10. Qd2 Bf6 11. d4 Re8 12. O-O Qe7 13. Bf3 Nc4 14. Qc1 Nxf4 15.
g3 Nxb2 16. gxf4 Bxd4 17. c3 Bxf2+ 18. Rxf2 Nd3 19. Qf1 Nxf2 20. Qxf2 Qe1+ 21.
Qxe1 Rxe1+ 22. Kf2 Re7 23. Nd2 c6 24. Nc4 d5 25. Ne5 f6 26. Ng4 Bxg4 27. Bxg4
Rae8 28. f5 Re4 29. Bh5 Rf4+ 30. Kg3 Rxf5 31. Bxe8 Re5 32. Bd7 Re3+ 33. Kf4 Rxc3
34. Re1 g5+ 35. Kf5 Rf3+ 36. Ke6 Rf2 37. a4 Kg7 38. h4 Rf4 39. hxg5 Re4+ 40.
Rxe4 dxe4 41. gxf6+ Kf8 42. Kd6 e3 43. Bg4 Kf7 44. Kc7 b5 45. axb5 cxb5 46. Kb7
Kxf6 47. Kxa7 Kg5 48. Be2 h5 49. Bxb5 h4 50. Bf1 h3 {White resigns} 0-1

[Event "Team 45 45 League T46"]
[Site "Internet Chess Club"]
[Date "2010.08.05"]
[Round "1"]
[White "az2112"]
[Black "whale5970"]
[Result "1-0"]
[WhiteElo "1766"]
[BlackElo "1840"]
[Opening "QGD: Cambridge Springs defense"]
[ECO "D52"]
[Time "12:00:36"]
[TimeControl "2700+45"]

1. d4 e6 2. c4 d5 3. Nc3 Nf6 4. Bg5 Nbd7 5. e3 c6 6. Nf3 Qa5 7. Nd2 h6 8. Bh4
Bb4 9. Qc2 O-O 10. Be2 e5 11. O-O exd4 12. Nb3 Qc7 13. Nxd4 Bd6 14. Nf3 dxc4 15.
Bxc4 Ng4 16. Bg3 Nde5 17. Nxe5 Bxe5 18. Ne2 Bxg3 19. Nxg3 h5 20. h4 Nxe3 21.
fxe3 Qxg3 22. Rf3 Qxh4 23. Rxf7 Rxf7 24. Rf1 Be6 25. Bxe6 Rf8 26. Qg6 Qe7 27. e4
Qc5+ 28. Kh1 Qe7 29. Kg1 h4 30. Rf5 Qc7 31. Rh5 Rd8 32. Bxf7+ Qxf7 33. Rh8+ Kxh8
34. Qxf7 Rd1+ 35. Kh2 {Black resigns} 1-0

[Event "Team 45 45 League T46"]
[Site "Internet Chess Club"]
[Date "2010.08.05"]
[Round "1"]
[White "check-man"]
[Black "daniguti"]
[Result "1/2-1/2"]
[WhiteElo "1551"]
[BlackElo "1543"]
[Opening "English: symmetrical, main line with d4"]
[ECO "A39"]
[Time "11:46:14"]
[TimeControl "2700+45"]

1. c4 Nf6 2. g3 c5 3. Bg2 g6 4. Nf3 Bg7 5. Nc3 Nc6 6. O-O O-O 7. d4 cxd4 8. Nxd4
Nxd4 9. Qxd4 d6 10. Qd3 Qc7 11. Nb5 Qd8 12. Rd1 a6 13. Qa3 Rb8 14. Nd4 Bd7 15.
c5 dxc5 16. Qxc5 Rc8 17. Qa3 Bc6 18. Bxc6 bxc6 19. Be3 Qc7 20. Qxa6 Nd5 21. Qxc6
Qxc6 22. Nxc6 Rxc6 23. Rxd5 Bxb2 24. Rb1 Rc2 25. Rb5 Bg7 26. Rb8 Rxa2 27. Rxf8+
Bxf8 28. Rb8 Kg7 29. Bd4+ f6 30. e3 Kf7 31. h4 Bg7 {Game drawn by mutual
agreement} 1/2-1/2

[Event "Team 45 45 League T46"]
[Site "Internet Chess Club"]
[Date "2010.08.07"]
[Round "1"]
[White "JABalin"]
[Black "mmf00"]
[Result "1-0"]
[WhiteElo "1801"]
[BlackElo "1559"]
[Opening "Sicilian defense"]
[ECO "B34"]
[Time "17:00:45"]
[TimeControl "2700+45"]

1. e4 c5 2. Nf3 Nc6 3. d4 cxd4 4. Nxd4 Nf6 5. Nc3 g6 6. Be3 Bg7 7. Be2 O-O 8.
O-O d5 9. exd5 Nxd5 10. Nxd5 Qxd5 11. Bf3 Qc4 12. Nxc6 bxc6 13. c3 Bf5 14. Qb3
Qa6 15. Bc5 Bf6 16. Qa3 Qb7 17. Rfe1 Be6 18. Qb4 Qc7 19. Qa4 Bd5 20. Bxd5 cxd5
21. Bd4 e5 22. Be3 Rfb8 23. Rab1 Rd8 24. Rbd1 Rab8 25. Rd2 d4 26. cxd4 exd4 27.
Bxd4 Bxd4 28. Rxd4 Rdc8 29. Rd2 Rb7 30. Re8+ Rxe8 31. Qxe8+ Kg7 32. Qe1 Qa5 33.
b3 Rc7 34. Qa1+ f6 35. Rd6 Qg5 36. Rd1 Qf5 37. Qb1 Qa5 38. h3 Qg5 39. b4 Qb5 40.
a3 a6 41. Rc1 Rxc1+ 42. Qxc1 Qd7 43. Qc2 Qd8 44. a4 Qd7 45. a5 Qb7 46. Qc5 Kf7
47. Qb6 Qa8 48. b5 axb5 49. Qxb5 Ke7 50. a6 Kd8 51. Qb6+ Kc8 52. Qxf6 Qa7 53.
Qh8+ Kc7 54. Qxh7+ Kb6 55. Qxa7+ Kxa7 56. Kh2 Kxa6 57. Kg3 Kb6 58. Kg4 Kc6 59.
Kg5 Kd5 60. Kxg6 Ke5 61. h4 Kf4 62. h5 Kg4 63. h6 Kf4 64. h7 Kg4 65. h8=Q Kf4
66. Qh4+ Ke5 67. Qf6+ Ke4 68. Kf7 Kd3 69. g4 Ke4 70. g5 Kd3 71. g6 Ke4 72. g7
Kd3 73. Qe6 Kc3 74. g8=Q Kd4 75. Qd8+ Kc3 76. Qc6+ Kb4 77. Qdb6+ Ka3 78. Qa8#
{Black checkmated} 1-0

[Event "Team 45 45 League T46"]
[Site "Internet Chess Club"]
[Date "2010.08.06"]
[Round "1"]
[White "juniorVishy"]
[Black "Oscar"]
[Result "1/2-1/2"]
[WhiteElo "1561"]
[BlackElo "1531"]
[Opening "Dutch with c4 & Nc3"]
[ECO "A85"]
[Time "22:01:47"]
[TimeControl "2700+45"]

1. d4 f5 2. c4 Nf6 3. Nc3 e6 4. Bf4 d5 5. a3 c6 6. e3 Be7 7. Nf3 Nbd7 8. cxd5
exd5 9. Ng5 Nf8 10. Bd3 Ng6 11. Bg3 O-O 12. Nf3 Ne4 13. Ne5 Nh4 14. O-O Qe8 15.
Nxe4 fxe4 16. Be2 Nf5 17. Bf4 Be6 18. h3 Bf6 19. Rc1 Qe7 20. Qc2 Bxe5 21. Bxe5
Qg5 22. Bg4 Rae8 23. Qe2 Nh4 24. Bxe6+ Rxe6 25. Bg3 Rg6 26. Kh2 Nf3+ 27. gxf3
Rxf3 28. Rg1 Qh5 29. Rce1 Rh6 30. Qf1 g5 31. Rh1 g4 32. h4 Qf5 33. Kg2 Rh5 34.
Rc1 Qf7 35. Qe2 Rhf5 36. h5 h6 37. Rh4 Rg5 38. Bf4 g3 39. Bxg3 Qg7 40. Rh3 Qd7
41. Kh2 Qg4 42. Rh4 Qf5 43. Kg2 Rxh5 44. Rch1 Rg5 45. Rxh6 Qg4 46. R1h3 Rxg3+
47. Rxg3 Qxe2 48. Rxg5+ Kf7 49. Rh7+ Kf6 50. Rgg7 Qf3+ 51. Kf1 Qd1+ 52. Kg2 Qf3+
53. Kf1 Qd1+ 54. Kg2 Qf3+ {Game drawn by repetition} 1/2-1/2

[Event "Team 45 45 League T46"]
[Site "Internet Chess Club"]
[Date "2010.08.08"]
[Round "1"]
[White "Grenadier"]
[Black "randallsr"]
[Result "1-0"]
[WhiteElo "1759"]
[BlackElo "1708"]
[Opening "French: advance, Milner-Barry gambit"]
[ECO "C02"]
[Time "08:00:32"]
[TimeControl "2700+45"]

1. e4 e6 2. d4 d5 3. e5 c5 4. c3 Qb6 5. Nf3 Nc6 6. Bd3 Bd7 7. dxc5 Bxc5 8. Qe2
h6 9. b4 Nxb4 10. cxb4 Bxb4+ 11. Bd2 Ne7 12. O-O Nc6 13. Nc3 Bxc3 14. Bxc3 a6
15. Rab1 Qc7 16. Rfc1 Rc8 17. Bb4 b5 18. Bd6 Qb7 19. a4 Na7 20. Nd4 Rc4 21. Bxc4
dxc4 22. Rxc4 Qd5 23. Rcb4 Nc8 24. axb5 Nxd6 25. exd6 O-O 26. bxa6 Qxd6 27. a7
e5 28. Nf3 Kh7 29. Rb8 Bc6 30. Rxf8 Qxf8 31. Qc2+ e4 32. Qxc6 {Black resigns}
1-0

[Event "Team 45 45 League T46"]
[Site "Internet Chess Club"]
[Date "2010.08.10"]
[Round "1"]
[White "Giacometti"]
[Black "GoIrish"]
[Result "0-1"]
[WhiteElo "1763"]
[BlackElo "1580"]
[Opening "Bird's opening"]
[ECO "A02"]
[Time "21:09:35"]
[TimeControl "2700+45"]

1. f4 Nf6 2. d3 d6 3. e4 Nc6 4. Nf3 e5 5. fxe5 dxe5 6. Be2 Bc5 7. Nc3 Ng4 8. d4
exd4 9. Na4 Bb4+ 10. c3 dxc3 11. Qxd8+ Nxd8 12. bxc3 Ba5 13. h3 Nf6 14. e5 Ne4
15. Bb2 Ng3 16. Rg1 Nxe2 17. Kxe2 Ne6 18. Nd4 O-O 19. Nxe6 Bxe6 20. Nc5 Bc4+ 21.
Kf3 Bb6 22. Nd7 Bxg1 23. Nxf8 Bc5 24. Nd7 Be7 {White resigns} 0-1

[Event "Team 45 45 League T46"]
[Site "Internet Chess Club"]
[Date "2010.08.07"]
[Round "1"]
[White "Esslinger"]
[Black "badmove"]
[Result "1-0"]
[WhiteElo "1447"]
[BlackElo "1770"]
[Opening "Budapest defense declined"]
[ECO "A51"]
[Time "17:02:04"]
[TimeControl "2700+45"]

1. d4 Nf6 2. c4 e5 3. e3 exd4 4. exd4 Bb4+ 5. Bd2 Bxd2+ 6. Nxd2 O-O 7. Ngf3 Re8+
8. Be2 Qe7 9. Nb1 d5 10. Nc3 dxc4 11. O-O Bg4 12. Ne5 Bxe2 13. Qxe2 Nbd7 14. f4
Ng4 15. Qxg4 Nxe5 16. dxe5 Qc5+ 17. Kh1 b5 18. Ne4 Qd4 19. Nf6+ Kf8 20. Nxe8
Rxe8 21. Rab1 Rxe5 22. Qc8+ Re8 23. Qxc7 Re2 24. Qb8+ Re8 25. Qxb5 g6 26. Rfe1
Rxe1+ 27. Rxe1 Qd2 28. Re8+ Kg7 29. Qe5+ Kh6 30. h3 a5 31. Rg8 {Black resigns}
1-0

[Event "Team 45 45 League T46"]
[Site "Internet Chess Club"]
[Date "2010.08.06"]
[Round "1"]
[White "medsurg"]
[Black "kingsrook"]
[Result "1/2-1/2"]
[WhiteElo "1304"]
[BlackElo "1252"]
[Opening "Queen's pawn game, Darooha variation "]
[ECO "D11"]
[Time "19:17:36"]
[TimeControl "2700+45"]

1. d4 d5 2. Nf3 Nf6 3. c4 c6 4. g3 Bf5 5. Qb3 Qb6 6. Qxb6 axb6 7. Nbd2 e6 8. Bg2
Be7 9. O-O O-O 10. Re1 Nbd7 11. cxd5 exd5 12. Ne5 Nxe5 13. dxe5 Nd7 14. e4 dxe4
15. Bxe4 Bxe4 16. Rxe4 Nc5 17. Re3 Rfd8 18. Nc4 b5 19. Nd6 Bxd6 20. exd6 Rxd6
21. Re1 Re6 22. Be3 Nd3 23. Re2 c5 24. Rc2 Rc6 25. b3 c4 26. Bd4 h6 27. bxc4
bxc4 28. a4 b5 29. axb5 Rxa1+ 30. Bxa1 Rb6 31. Rxc4 Rxb5 32. Bd4 Rb1+ 33. Kg2
Ne1+ 34. Kg1 Nf3+ 35. Kg2 Ne1+ 36. Kg1 {Game drawn by mutual agreement} 1/2-1/2

[Event "Team 45 45 League T46"]
[Site "Internet Chess Club"]
[Date "2010.08.05"]
[Round "1"]
[White "theophilus"]
[Black "eurander"]
[Result "1/2-1/2"]
[WhiteElo "2236"]
[BlackElo "2217"]
[Opening "QGD Slav: 4.e3 Bf5"]
[ECO "D12"]
[Time "13:04:21"]
[TimeControl "2700+45"]

1. d4 d5 2. c4 c6 3. Nf3 Nf6 4. e3 Bf5 5. cxd5 cxd5 6. Qb3 Qc7 7. Bd2 Nc6 8. Bb5
e6 9. O-O Nd7 10. Rc1 Rc8 11. Bb4 Qb6 12. Bxf8 Kxf8 13. Bxc6 Rxc6 14. Rxc6 bxc6
15. Nbd2 Ke7 16. Rc1 Rb8 17. Qa3+ Qb4 18. Qxb4+ Rxb4 19. Nb3 Kd6 20. Nfd2 f6
{Game drawn by mutual agreement} 1/2-1/2

[Event "Team 45 45 League T46"]
[Site "Internet Chess Club"]
[Date "2010.08.06"]
[Round "1"]
[White "pestka"]
[Black "chess92192"]
[Result "1-0"]
[WhiteElo "2241"]
[BlackElo "2096"]
[Opening "QGD Slav: 3.Nf3"]
[ECO "D11"]
[Time "16:01:56"]
[TimeControl "2700+45"]

1. Nf3 d5 2. d4 c6 3. c4 e6 4. e3 Nf6 5. Bd3 dxc4 6. Bxc4 b5 7. Bd3 Nbd7 8. O-O
Bb7 9. e4 a6 10. a4 Be7 11. Qe2 O-O 12. e5 Nd5 13. Qe4 g6 14. Bh6 Re8 15. Nbd2
Qb6 16. a5 Qc7 17. Qg4 c5 18. Rfc1 c4 19. h4 Nb4 20. Bb1 Bf8 21. Bxf8 Nxf8 22.
h5 Red8 23. Ra3 Nc6 24. Ne4 Nxa5 25. Nf6+ Kg7 26. Qf4 h6 27. Ng4 g5 28. Qf6+
{Black resigns} 1-0

[Event "Team 45 45 League T46"]
[Site "Internet Chess Club"]
[Date "2010.08.08"]
[Round "1"]
[White "hewdondada"]
[Black "azbycx"]
[Result "0-1"]
[WhiteElo "1821"]
[BlackElo "1858"]
[Opening "Trompowsky attack (Ruth, Opocenský opening)"]
[ECO "A45"]
[Time "21:06:22"]
[TimeControl "2700+45"]

1. d4 Nf6 2. Bg5 d5 3. Bxf6 exf6 4. c4 dxc4 5. e3 Be6 6. Nc3 c6 7. Nge2 Bd6 8.
g3 O-O 9. Bg2 Na6 10. O-O Qd7 11. a3 Rad8 12. Qa4 Qc8 13. Ne4 Bb8 14. Rac1 b5
15. Qa5 Bc7 16. Qc3 Bd5 17. Qc2 Rfe8 18. N2c3 Be6 19. Nc5 Nxc5 20. dxc5 Bh3 21.
a4 Bxg2 22. Kxg2 a6 23. b3 cxb3 24. Qxb3 Rd3 25. Rfd1 Red8 26. Rxd3 Rxd3 27. Qc2
Qd7 28. Rd1 Rxd1 29. Nxd1 Qd5+ 30. Kg1 Ba5 31. axb5 axb5 32. Nb2 Kf8 33. Nd3 Qc4
34. Qd1 Ke8 35. Qa1 Qxd3 36. Qxa5 Qd1+ 37. Kg2 Qd5+ 38. Kg1 Qxc5 39. Qa8+ Ke7
40. Qb7+ Ke6 41. Qc8+ Ke5 42. Qe8+ Kf5 43. Qxf7 g6 44. Qxh7 Qc4 45. Qh3+ Ke5 46.
Qd7 Qd5 47. Qe8+ Kf5 48. Qc8+ Ke4 49. Qg4+ Kd3 50. Qxg6+ Ke2 51. Qg4+ Qf3 52.
Qxf3+ Kxf3 53. h4 b4 54. h5 b3 55. h6 b2 {White resigns} 0-1

[Event "Team 45 45 League T46"]
[Site "Internet Chess Club"]
[Date "2010.08.07"]
[Round "1"]
[White "tourettes"]
[Black "RamRock"]
[Result "0-1"]
[WhiteElo "1494"]
[BlackElo "1821"]
[Opening "Sicilian: closed"]
[ECO "B24"]
[Time "13:15:56"]
[TimeControl "2700+45"]

1. e4 c5 2. Nc3 Nc6 3. g3 g6 4. Bg2 Bg7 5. Nge2 e6 6. O-O Nge7 7. d3 O-O 8. Be3
Nd4 9. Rb1 d5 10. f4 b6 11. h3 Nxe2+ 12. Nxe2 Bb7 13. c3 dxe4 14. dxe4 Qc7 15.
Qc2 Rad8 16. Rfd1 Rxd1+ 17. Rxd1 Rd8 18. Kh2 Rd7 19. Qa4 Bc6 20. Qc2 Qb7 21.
Rxd7 Qxd7 22. Qd2 Qxd2 23. Bxd2 f5 24. e5 Kf7 25. b4 cxb4 26. cxb4 Bxg2 27. Kxg2
b5 28. Nd4 a6 29. Nb3 Nd5 30. Nc5 Nc7 31. Kf3 Bf8 32. Nb7 Ke8 33. a3 Kd7 34. g4
Nd5 35. h4 h5 36. gxh5 gxh5 37. Na5 Nb6 38. Nb3 Nc4 39. Bc1 Bh6 40. Nc5+ Kc6 41.
Nxe6 Nxe5+ 42. Ke2 Kd5 43. Nc5 Ng6 44. Nxa6 Nxh4 45. Kd3 Ng6 46. Be3 Bxf4 47.
Bf2 h4 48. Ke2 h3 49. Kf1 Ne5 50. Nc7+ Kc4 51. Ne6 Bc1 52. Ng7 f4 53. Nf5 h2 54.
Kg2 Ng4 55. Bc5 Be3 56. Nd6+ Kd5 57. Nxb5 Bxc5 58. bxc5 f3+ {White resigns} 0-1

[Event "Team 45 45 League T46"]
[Site "Internet Chess Club"]
[Date "2010.08.09"]
[Round "1"]
[White "Terte"]
[Black "Freitac"]
[Result "1-0"]
[WhiteElo "2048"]
[BlackElo "1946"]
[Opening "Sicilian: Alapin's variation (2.c3)"]
[ECO "B22"]
[Time "14:45:23"]
[TimeControl "2700+45"]

1. e4 c5 2. c3 d5 3. exd5 Qxd5 4. d4 Nc6 5. Nf3 Bg4 6. Be2 cxd4 7. cxd4 e6 8.
Nc3 Qa5 9. O-O Nf6 10. Qb3 Bxf3 11. Bxf3 Qb4 12. Nb5 Rc8 13. Bf4 Be7 14. Nc7+
Kd7 15. d5 Qxf4 16. dxc6+ Kxc7 17. Qxb7+ Kd8 18. Rfd1+ Bd6 19. g3 Qe5 20. Rac1
Rc7 21. Qb8+ Rc8 22. Qxa7 Re8 23. Rc2 Rc7 24. Qb6 Nd5 25. Qb3 Nf6 26. Re2 Qc5
27. Rc2 Qe5 28. Rcd2 Nd5 29. Bxd5 exd5 30. Rxd5 Qe4 31. Rxd6+ Ke7 32. Rd7+ Rxd7
{Black resigns} 1-0

[Event "Team 45 45 League T46"]
[Site "Internet Chess Club"]
[Date "2010.08.06"]
[Round "1"]
[White "Uragon-bocho"]
[Black "BadHabitMarco"]
[Result "0-1"]
[WhiteElo "2035"]
[BlackElo "1958"]
[Opening "Sicilian: Najdorf, 6...e6"]
[ECO "B95"]
[Time "13:00:18"]
[TimeControl "2700+45"]

1. e4 c5 2. Nf3 d6 3. d4 cxd4 4. Nxd4 Nf6 5. Nc3 a6 6. Bg5 e6 7. Bc4 Be7 8. Qd2
b5 9. Bd3 O-O 10. O-O-O Bb7 11. f3 Nbd7 12. Rde1 Rc8 13. h4 h6 14. g4 hxg5 15.
hxg5 Nxg4 16. f4 b4 17. Nd1 Nc5 18. Kb1 f5 19. gxf6 Nxf6 20. Qg2 Kf7 21. f5 exf5
22. Nxf5 Ke8 23. Qh3 Qd7 24. e5 Kd8 25. e6 Qc7 26. Rhg1 Nd5 27. Rxg7 Nxd3 28.
Qxd3 Nf4 29. Qd2 Rxf5 30. Ne3 Rf6 31. Rg8+ Rf8 32. Rxf8+ Bxf8 33. Nf5 Nd5 34.
Qg5+ Ne7 35. Nd4 Qc5 36. Qf4 Kc7 37. Nb3 Qf5 38. Qxb4 Nc6 39. Qc4 Be7 40. Rf1
Qb5 41. Qf4 Rf8 42. Qxf8 Bxf8 43. Rxf8 Ne7 44. Rf7 Qe8 45. Rg7 Bd5 46. Nd4 Kb6
47. b3 Qh8 48. Rg4 Qf6 49. a4 Bxe6 50. Re4 Bd5 51. Rg4 Nf5 52. Rf4 Qe5 53. Rxf5
Qxd4 {White resigns} 0-1

[Event "Team 45 45 League T46"]
[Site "Internet Chess Club"]
[Date "2010.08.06"]
[Round "1"]
[White "poni"]
[Black "Ivio"]
[Result "1-0"]
[WhiteElo "1962"]
[BlackElo "1837"]
[Opening "Réti: King's Indian attack (Barcza system)"]
[ECO "A07"]
[Time "13:00:20"]
[TimeControl "2700+45"]

1. Nf3 d5 2. g3 Bf5 3. Bg2 Nf6 4. b3 e6 5. Bb2 Be7 6. O-O O-O 7. d3 h6 8. Nbd2
Nbd7 9. Qe1 c6 10. e4 Bh7 11. e5 Nh5 12. Qe2 Bf5 13. Nd4 Bg6 14. f4 c5 15. N4f3
Qb6 16. Kh1 Rac8 17. Ng1 f5 18. Bf3 Bf7 19. Bxh5 Bxh5 20. Qxh5 c4 21. Ndf3 cxd3
22. cxd3 Rc2 23. Bd4 Bc5 24. Bxc5 Nxc5 25. Ne1 Rd2 26. Ngf3 Rb2 27. Nd4 Qa6 28.
Qf3 Rd2 29. Rf2 Rxf2 30. Qxf2 Re8 31. Rd1 Qa5 32. Qc2 Qb4 33. Nef3 Qb6 34. Rc1
Ne4 35. dxe4 dxe4 36. Qc5 Qxc5 37. Rxc5 exf3 38. Nxf3 Rd8 39. Kg2 Rd1 40. Rc7
Ra1 41. a4 Ra2+ 42. Kh3 Rf2 43. Nd4 Rd2 44. Nxe6 {Black resigns} 1-0

[Event "Team 45 45 League T46"]
[Site "Internet Chess Club"]
[Date "2010.08.06"]
[Round "1"]
[White "Magagna"]
[Black "cosen"]
[Result "1-0"]
[WhiteElo "1862"]
[BlackElo "1650"]
[Opening "QGD Slav defense"]
[ECO "D10"]
[Time "20:00:16"]
[TimeControl "2700+45"]

1. d4 c6 2. c4 d5 3. Nc3 Nf6 4. Bg5 h6 5. Bxf6 exf6 6. e3 Bb4 7. Qb3 Bxc3+ 8.
bxc3 Qe7 9. cxd5 Bf5 10. d6 Qd7 11. Nf3 O-O 12. Be2 Qxd6 13. Qxb7 Nd7 14. Qb4
Qc7 15. a4 Rfb8 16. Qa3 Qa5 17. O-O Rb6 18. Nd2 Rbb8 19. Bf3 Rc8 20. Nc4 Qc7 21.
Nd6 Bd3 22. Nxc8 Bxf1 23. Ne7+ Kh8 24. Kxf1 Nb6 25. Qc5 Re8 26. Nxc6 Qxh2 27.
Ke2 g5 28. a5 Nd7 29. Qxa7 Qd6 30. Qb7 f5 31. a6 f4 32. e4 Nf6 33. Ne5 Rb8 34.
Nxf7+ Kg8 35. Nxd6 Rxb7 36. axb7 {Black resigns} 1-0

[Event "Team 45 45 League T46"]
[Site "Internet Chess Club"]
[Date "2010.08.07"]
[Round "1"]
[White "marinellib"]
[Black "slowdown"]
[Result "0-1"]
[WhiteElo "1784"]
[BlackElo "1634"]
[Opening "French defense"]
[ECO "C00"]
[Time "11:00:24"]
[TimeControl "2700+45"]

1. e4 e6 2. Nf3 d5 3. exd5 exd5 4. d4 Nf6 5. Bd3 Bg4 6. Bf4 Nc6 7. c3 Qd7 8.
Nbd2 h6 9. Qc2 O-O-O 10. O-O g5 11. Be5 Bg7 12. b4 Nh5 13. Bxg7 Nxg7 14. a4 f6
15. a5 Bf5 16. b5 Bxd3 17. Qxd3 Nb8 18. b6 cxb6 19. axb6 a6 20. c4 Nc6 21. cxd5
Qxd5 22. Rfc1 Kb8 23. Rc5 Qxc5 24. Nb3 Qd5 25. Nc5 Qxc5 {White resigns} 0-1

[Event "Team 45 45 League T46"]
[Site "Internet Chess Club"]
[Date "2010.08.09"]
[Round "1"]
[White "BrandonBee"]
[Black "ticopatzer"]
[Result "0-1"]
[WhiteElo "1546"]
[BlackElo "1581"]
[Opening "Petrov's defense"]
[ECO "C42"]
[Time "17:00:17"]
[TimeControl "2700+45"]

1. e4 e5 2. Nf3 Nf6 3. d3 Nc6 4. g3 d5 5. exd5 Nxd5 6. Bg2 Be6 7. Nbd2 Bc5 8.
Ne4 Bb6 9. O-O O-O 10. Nfg5 Bf5 11. Kh1 h6 12. Nh3 Qd7 13. Qh5 Bg4 14. Qh4 Nd4
15. f3 Nxc2 16. fxg4 Nxa1 17. Bxh6 gxh6 18. Nf6+ Nxf6 19. Rxf6 Qxd3 20. Qxh6 Qh7
21. Qc1 Rad8 22. Ng5 Qc2 23. Qxc2 Nxc2 24. Be4 Rd1+ 25. Kg2 Rd2+ 26. Kh3 Kg7 27.
Rf5 Rh8+ {White resigns} 0-1